 Dungeon Crawl Stone Soup version 0.28-b1-25-g9875b3fc8c (webtiles) character file.

Game seed: 3848012182282755005

237 Riddle the Skirmisher (level 5, -8/47 HPs)
             Began as a Draconian Monk on Feb 1, 2022.
             Asphyxiated
             ... in a sewer.
             The game lasted 00:04:33 (4348 turns).

Riddle the Skirmisher (Draconian Monk)              Turns: 4348, Time: 00:04:34

Health: -8/47      AC:  7    Str: 13    XL:     5   Next: 77%
Magic:  5/5        EV: 13    Int: 11    God:
Gold:   156        SH:  0    Dex: 15    Spells: 4/4 levels left

rFire   . . .      SeeInvis .   a - +1 falchion
rCold   . . .      Faith    .   (no shield)
rNeg    . . .      Spirit   .   (armour unavailable)
rPois   .          Reflect  .   (helmet restricted)
rElec   .          Harm     .   (no cloak)
rCorr   .          Rampage  .   t - +0 pair of gloves
Will    .....                   l - +0 pair of boots
Stlth   ++........              (no amulet)
HPRegen 0.15/turn               (no ring)
MPRegen 0.09/turn               (no ring)

@: mighty, brilliant, lethally poisoned (-8 -> -15), attractive, flying
A: AC +5, unfitting armour, cold-blooded
a: no special abilities


You were in a sewer.
You visited 1 branch of the dungeon, and saw 4 of its levels.
You also visited: Sewer.

You collected 156 gold pieces.

Inventory:

Hand Weapons
 a - a +1 falchion (weapon)
Armour
 l - a +0 pair of boots (worn)
 t - a +0 pair of gloves (worn)
Wands
 k - a wand of paralysis (14)
Scrolls
 c - a scroll of magic mapping
 e - a scroll of identify
 f - a scroll of fog
 j - 6 scrolls of teleportation
 u - a scroll of noise {unknown}
Potions
 b - a potion of curing
 h - a potion of attraction
 q - a potion of cancellation {unknown}


   Skills:
 + Level 4.9 Fighting
 + Level 4.4 Long Blades
 + Level 4.1 Dodging
 - Level 1.7 Stealth


You had 4 spell levels left.
You didn't know any spells.
Your spell library contained the following spells:

 Spells                   Type           Power      Damage    Failure   Level
 Apportation              Tloc           0%         N/A       34%         1
 Summon Small Mammal      Summ           0%         N/A       34%         1
 Call Canine Familiar     Summ           0%         N/A       71%         3
 Confusing Touch          Hex            0%         N/A       71%         3
 Summon Guardian Golem    Hex/Summ       0%         N/A       71%         3
 Alistair's Intoxication  Tmut/Pois      0%         N/A       100%        5
 Yara's Violent Unravell  Hex/Tmut       0%         3d3       100%        5
 Enfeeble                 Hex            0%         N/A       100%        7


Dungeon Overview and Level Annotations

Branches:
Dungeon (4/15)              Sewer (1/1)
 Temple: D:4-7

Altars:

Shops:
D:1 [


Innate Abilities, Weirdness & Mutations

Your plain brown scales are hard. (AC +5)
You cannot fit into any form of body armour.
You are cold-blooded and may be slowed by cold attacks.


Message History

The kobold hits you but does no damage. The kobold brigand closely misses you.
The kobold hits you but does no damage. The kobold closely misses you. x2
Unknown command.
You miss the kobold brigand.
The kobold brigand is severely wounded.
The kobold completely misses you. The kobold hits you but does no damage.
The kobold brigand closely misses you. The kobold hits you but does no damage.
The kobold hits you with a +0 dagger.
* * * LOW HITPOINT WARNING * * *
Unknown command.
Unknown command.
You closely miss the kobold brigand.
The kobold brigand is severely wounded.
The kobold closely misses you. The kobold barely misses you.
The kobold brigand barely misses you. The kobold hits you but does no damage.
The kobold barely misses you.
Unknown command.
Unknown command.
You slash the kobold brigand!
Your tail-slap misses the kobold brigand.
The kobold brigand is almost dead.
The kobold hits you with a +0 dagger.
* * * LOW HITPOINT WARNING * * *
The kobold brigand completely misses you.
The kobold closely misses you. The kobold misses you.
The kobold hits you with a +0 dagger.
* * * LOW HITPOINT WARNING * * *
The kobold is attracted toward you.
Unknown command.
Unknown command.
The kobold hits you with a +0 dagger.
* * * LOW HITPOINT WARNING * * *
Unknown command.
Unknown command.
The kobold shouts!
The kobold brigand throws a curare-tipped dart.
The curare-tipped dart hits you.
You are lethally poisoned!
You have difficulty breathing.
You die...

#...###..≈≈≈......##
#...##..≈≈≈.....÷.#
#...#..≈≈≈≈.......##
#.....≈≈≈≈≈.......#
#.....≈≈≈≈≈.......#
##..†..≈≈≈≈≈.......#
##...†..≈≈≈≈≈≈.....##
#...KK.≈≈≈≈≈≈≈....##
#...K.#@≈≈≈≈≈≈....#
#...K##≈≈≈≈≈≈≈....##
#...K#≈≈≈≈≈≈≈≈.....#
##.....≈≈≈≈≈≈≈≈.....#
#......≈≈≈≈≈≈≈≈....##
#..)).≈≈≈≈≈≈≈≈≈....#
###'###≈#≈#≈####'###
#.....##≈#≈#≈#..)).#
#.....# #≈#≈##.....#


You could see a kobold brigand and a kobold.

Vanquished Creatures
  A kobold brigand (Sewer)
  7 adders
  A river rat (Sewer)
  4 worms
  2 dart slugs (D:2)
  3 orcs (D:3)
  6 ball pythons
  2 bats (D:2)
  3 endoplasms
  4 giant cockroaches
  9 goblins
  2 hobgoblins
  6 jackals
  2 frilled lizards
  16 kobolds
  17 rats
85 creatures vanquished.

Notes
Turn   | Place    | Note
-------+----------+-------------------------------------------
     0 | D:1      | Riddle the Draconian Monk began the quest for the Orb.
     0 | D:1      | Reached XP level 1. HP: 19/19 MP: 1/1
    98 | D:1      | Found Gyclun's Antique Armour Shoppe.
   553 | D:1      | Reached XP level 2. HP: 26/26 MP: 2/2
   690 | D:1      | Found a faded altar of an unknown god.
  1057 | D:2      | Reached XP level 3. HP: 20/33 MP: 3/3
  2203 | D:2      | Reached XP level 4. HP: 40/40 MP: 4/4
  3646 | D:4      | Identified the +9 hunting sling of Rotaup {venom, rC+}
  3651 | D:4      | Found a glowing drain.
  3679 | Sewer    | Entered a sewer
  3964 | Sewer    | Reached XP level 5. HP: 42/44 MP: 5/5
  4348 | Sewer    | Asphyxiated

Illustrated notes

Levels and vault maps discovered:
D:1:      minmay_arrival_stone_box, layout_rooms,
          shapermc_ecumenical_altar_flowoftime, serial_shops,
          nicolae_diamond_shop
D:2:      layout_basic, serial_rivers, chequers_serial_rivers_room_b,
          chequers_serial_rivers_room_a, chequers_serial_rivers_large_a,
          chequers_serial_rivers_room_a
D:3:      layout_basic, lemuel_old_faithful
D:4:      layout_loops_ring, portal_sewer_entry_a, minmay_lizard_king
Sewer:    sewer_minmay_treatment

Skill      XL: |  1  2  3  4  5 |
---------------+----------------+-----
Dodging        | 3 4 |  4.1
Fighting       | 4 |  4.9
Long Blades    | 4 |  4.4
Stealth        | |  1.7

Action                   |  1- 3 |  4- 6 || total
-------------------------+-------+-------++-------
Melee: Falchion          |   122 |   182 ||   304
       Tailslap          |    18 |    22 ||    40
  Use: Scroll            |       |     8 ||     8
       Potion            |       |     7 ||     7
 Stab: Sleeping          |     3 |     9 ||    12
Armor: Skin              |    43 |   108 ||   151
Dodge: Dodged            |   107 |   207 ||   314
